 Dungeon Crawl Stone Soup version 0.28-a0-723-g095bd1b (webtiles) character file.

Game seed: 2223432587997917098

81 NeededCrab the Skirmisher (level 4, -4/35 HPs)
             Began as a Demonspawn Monk on Oct 25, 2021.
             Was a Priest of Dithmenos.
             Killed from afar by a white imp (9 damage)
             ... with a puff of frost
             ... summoned by Natasha
             ... on level 2 of the Dungeon.
             The game lasted 00:06:23 (2533 turns).

NeededCrab the Skirmisher (Demonspawn Monk)         Turns: 2533, Time: 00:06:25

Health: -4/35      AC:  3    Str: 12    XL:     4   Next: 20%
Magic:  5/5        EV: 16    Int: 11    God:    Dithmenos [***...]
Gold:   76         SH:  0    Dex: 16    Spells: 3/3 levels left

rFire   . . .      SeeInvis .     - Unarmed
rCold   . . .      Faith    .   (no shield)
rNeg    . . .      Spirit   .   g - +0 leather armour
rPois   .          Reflect  .   (no helmet)
rElec   .          Harm     .   (no cloak)
rCorr   .          Rampage  .   (no gloves)
Will    .....                   (no boots)
Stlth   ++........              (no amulet)
HPRegen 0.11/turn               e - +4 ring of evasion
MPRegen 0.09/turn               j - ring of flight

@: flying, slowed, wreathed by umbra, very slow
A: claws 2, demonic guardian 1
a: Renounce Religion, Shadow Step


You were on level 2 of the Dungeon.
You worshipped Dithmenos.
Dithmenos was most pleased with you.
You visited 1 branch of the dungeon, and saw 2 of its levels.

You collected 76 gold pieces.

Inventory:

Armour
 g - a +0 leather armour (worn)
Jewellery
 e - a +4 ring of evasion (left claw)
 j - a ring of flight (right claw)
Scrolls
 a - a scroll of immolation {unknown}
 d - a scroll of holy word {unknown}
 f - a scroll of vulnerability {unknown}
 h - 2 scrolls of noise {unknown}
 i - a scroll of teleportation {unknown}
 k - a scroll of identify {unknown}
Potions
 b - 2 potions of resistance {unknown}
 c - a potion of brilliance {unknown}
 l - 3 potions of curing {unknown}


   Skills:
 - Level 3.3 Fighting
 - Level 3.3 Maces & Flails
 + Level 1.3 Armour
 - Level 2.6 Dodging
 - Level 1.7 Stealth
 * Level 1.4 Unarmed Combat
 + Level 1.8 Invocations


You had 3 spell levels left.
You didn't know any spells.
Your spell library contained the following spells:

 Spells                   Type           Power      Damage    Failure   Level
 Sandblast                Erth           0%         2d4       41%         1
 Passwall                 Tmut/Erth      0%         N/A       56%         2
 Stone Arrow              Conj/Erth      0%         3d7       80%         3
 Cause Fear               Hex            0%         N/A       99%         4
 Dragon Form              Tmut           0%         N/A       100%        7
 Dragon's Call            Summ           0%         N/A       100%        9


Dungeon Overview and Level Annotations

Branches:
Dungeon (2/15)

Altars:
Dithmenos

Shops:
D:1 [

Annotations:
D:2 Natasha


Innate Abilities, Weirdness & Mutations

You have very sharp fingernails.
A weak demonic guardian rushes to your aid.


Message History

Your leather armour prevents you from hitting Natasha.
Natasha is moderately wounded.
Natasha howls an incantation.
Natasha's front paws start to glow.
Natasha closely misses you. Natasha casts a spell at you.
The magic dart hits you.
You scratch Natasha.
Natasha is severely wounded.
Natasha casts a spell.
You scratch Natasha.
Natasha is severely wounded.
Natasha closely misses you. The white imp gestures at you.
The puff of frost hits you!
A demonic guardian appears!
Natasha claws you but does no damage.
The white imp lashes its tail.
The white imp gestures at you. The puff of frost hits you!
* * * LOW HITPOINT WARNING * * *
Natasha casts a spell at you. You resist with some effort.
You swap places.
Your ufetubus closely misses the white imp.
Your ufetubus hits the white imp but does no damage.
The white imp gestures at you. The puff of frost hits your ufetubus.
Your ufetubus resists.
Your ufetubus misses the white imp.
Your ufetubus barely misses the white imp.
Natasha completely misses your ufetubus.
Your ufetubus barely misses the white imp.
Your ufetubus misses the white imp.
The white imp barely misses your ufetubus.
Natasha claws your ufetubus.
Your ufetubus dies!
Your ufetubus disappears in a puff of smoke!
The white imp gestures at you. The puff of frost hits you!
You die...

...............###.###.####.#
#.##....##........h# #...##.#
#.##.#####.....###ยง###....#.#
......#####...## #..........####
..............#####............##
####..######..##.h.h..(..........
#.:# ##...##5##...#...####.#.
#..# #..#.##.###.####># #.#. #
#..# ##......@###.####.# #.#.
####..###...#...........#.# ##.#.
..........#....<..(..##.#.# #..#.
#########...#.#..#...##.#.# #.##.
# ##.##.#..#.#.##.#.# #.##. #
#.##.#..#.#.##.#.# #.##.
#.##.#..#.#.##.#.###.##.
#.##.#.................<
#######.##...........#####.###


You could see Natasha and a white imp (summoned).

Vanquished Creatures
  Natasha (D:2)
  An adder (D:2)
  2 worms (D:2)
  A dart slug (D:1)
  5 bats (D:1)
  5 endoplasms (D:1)
  2 giant cockroaches (D:1)
  A goblin (D:2)
  5 hobgoblins
  3 quokkas (D:1)
  2 ball pythons (D:1)
  A frilled lizard (D:1)
  5 kobolds (D:1)
  3 rats
37 creatures vanquished.

Vanquished Creatures (collateral kills)
  A giant cockroach (D:1)
1 creature vanquished.

Grand Total: 38 creatures vanquished

Notes
Turn   | Place    | Note
-------+----------+-------------------------------------------
     0 | D:1      | NeededCrab the Demonspawn Monk began the quest for the Orb.
     0 | D:1      | Reached XP level 1. HP: 18/18 MP: 1/1
   438 | D:1      | Gained mutation: A weak demonic guardian rushes to your
                  | aid. [demonic ancestry]
   438 | D:1      | Reached XP level 2. HP: 24/24 MP: 2/2
   535 | D:1      | Found a faded altar of an unknown god.
   543 | D:1      | Prayed at the altar of an unknown god.
   543 | D:1      | Became a worshipper of Dithmenos the Shadowed
   543 | D:1      | Reached * piety under Dithmenos
   543 | D:1      | Reached ** piety under Dithmenos
   558 | D:1      | Found Ofol's Antique Armour Shop.
   799 | D:1      | Reached *** piety under Dithmenos
   993 | D:1      | Gained mutation: You have sharp fingernails. [demonic
                  | ancestry]
   993 | D:1      | Reached XP level 3. HP: 28/29 MP: 3/3
  1030 | D:1      | Reached skill level 1 in Invocations
  1562 | D:2      | Reached skill level 1 in Armour
  2143 | D:2      | Reached skill level 1 in Unarmed Combat
  2379 | D:2      | Noticed Natasha
  2398 | D:2      | Killed Natasha
  2399 | D:2      | Gained mutation: You have very sharp fingernails. [demonic
                  | ancestry]
  2399 | D:2      | Reached XP level 4. HP: 27/35 MP: 5/5
  2516 | D:2      | Noticed Natasha
  2533 | D:2      | Killed from afar by a white imp

Illustrated notes

Levels and vault maps discovered:
D:1:      scummos_arrival_simple_crosswalls, layout_loops_ring,
          hellmonk_ecumenical_altar_crossroads, serial_shops, shop,
          hangedman_decor_points
D:2:      layout_loops_ring, uniq_natasha

Skill      XL: |  1  2  3 |
---------------+----------+-----
Maces & Flails | 3 |  3.3
Invocations    | 1 |  1.8
Armour         | 1 |  1.3
Unarmed Combat | 1 |  1.4
Fighting       | |  3.3
Dodging        | |  2.6
Stealth        | |  1.7

Action                   |  1- 3 |  4- 6 || total
-------------------------+-------+-------++-------
Melee: Mace              |    73 |       ||    73
       Unarmed           |   109 |     4 ||   113
 Stab: Sleeping          |     7 |       ||     7
Armor: Robe              |     6 |       ||     6
       Leather armour    |    25 |     1 ||    26
Dodge: Dodged            |   146 |     2 ||   148

Table legend: (Time is in decaauts)
 A = Elapsed time spent in this place.
 B = Non-inter-level travel time spent in this place.
 C = Inter-level travel time spent in this place.
 D = Time resting spent in this place.
 E = Time spent auto-exploring this place.
 F = Levels seen in this place.
 G = Mean time per level.
                   A        B        C        D        E       F      G
               +--------+--------+--------+--------+--------+-----+--------+
         Total |   2556 |   2531 |     25 |    312 |   1671 |   2 | 1278.0 |
       Dungeon |   2556 |   2531 |     25 |    312 |   1671 |   2 | 1278.0 |
               +--------+--------+--------+--------+--------+-----+--------+

Top non-repeatable levels by time:
     D:1: 1600 daAuts
     D:2: 956 daAuts
